 Dungeon Crawl Stone Soup version 0.30.1-9-gdf580d7c3d (webtiles) character file.

Game seed: 2188985737135547920

2298 booth the Chopper (level 9, -3/78 HPs)
             Began as a Red Draconian Monk on Oct 14, 2023.
             Was an Initiate of the Shining One.
             Slain by a yak (14 damage)
             ... on level 7 of the Dungeon on Oct 15, 2023.
             The game lasted 00:50:41 (7921 turns).

booth the Chopper (Red Draconian Monk)              Turns: 7921, Time: 00:50:42

Health: -3/78      AC:  9    Str: 17    XL:     9   Next: 17%
Magic:  13/13      EV: 14    Int: 10    God:    the Shining One [......]
Gold:   232        SH:  4    Dex: 15    Spells: 13/13 levels left

rFire   + . .        a - +3 hand axe
rCold   + . .        r - +1 buckler
rNeg    . . .        (body armour unavailable)
rPois   +            (helmet restricted)
rElec   .            (no cloak)
rCorr   .            (no gloves)
SInv    .            n - +1 pair of boots
Will    .....        (no amulet)
Stlth   +            o - ring of poison resistance
HPRegen 0.33/turn    (no ring)
MPRegen 0.13/turn

%: clarity
@: glowing, studying Translocations
A: breathe fire, AC +7, unfitting armour, fire resistance 1, cold-blooded,
clarity, cold resistance 1
a: Breathe Fire, Renounce Religion


You were on level 7 of the Dungeon.
You worshipped the Shining One.
The Shining One was noncommittal.
You visited 2 branches of the dungeon, and saw 8 of its levels.
You also visited: Ossuary.

You collected 427 gold pieces.
You spent 195 gold pieces at shops.

Inventory:

Hand Weapons
 a - a +3 hand axe (weapon)
 d - a +3 war axe
 x - the +1 war axe of Ituxoimn {heavy, Stlth+}
   (You bought it in a shop on level 2 of the Dungeon)

   Stlth:     It makes you more stealthy.
Missiles
 y - 5 poisoned darts (quivered)
Armour
 c - an orb of light
 n - a +1 pair of boots (worn)
 r - a +1 buckler (worn)
Jewellery
 o - a ring of poison resistance (left hand)
 A - a ring of magical power
Wands
 t - a wand of iceblast (13)
Scrolls
 e - 3 scrolls of amnesia
 f - 3 scrolls of blinking
 i - 2 scrolls of fog
 j - a scroll of identify
 l - 3 scrolls of immolation
 u - a scroll of teleportation
Potions
 b - 2 potions of ambrosia
 g - a potion of attraction
 h - a potion of resistance
 k - a potion of curing
 m - a potion of might
 p - 4 potions of lignification
 q - a potion of degeneration {unknown}
 s - a potion of brilliance {unknown}


   Skills:
 + Level 6.6 Fighting
 * Level 7.3 Axes
 + Level 3.4 Throwing
 + Level 5.4 Dodging
 + Level 2.8 Spellcasting
 - Level 4.3 Translocations
 + Level 3.9 Fire Magic


You had 13 spell levels left.
You didn't know any spells.
Your spell library was empty.

Dungeon Overview and Level Annotations

Branches:
Dungeon (7/15)             Temple (1/1) D:6         Ossuary (visited)

Altars:
Ashenzari
Cheibriados
Dithmenos
Elyvilon
Fedhas
Gozag
Hepliaklqana
Kikubaaqudgha
Makhleb
Nemelex Xobeh
Okawaru
Qazlal
Ru
Sif Muna
Trog
Uskayaw
Vehumet
Wu Jian
Xom
Yredelemnul
Zin
The Shining One

Shops:
D:2 !!:*(   D:3 :   D:6 (


Innate Abilities, Weirdness & Mutations

You can breathe blasts of fire.
Your fiery red scales are hard. (AC +7)
You cannot fit into any form of body armour.
Your flesh is heat resistant. (rF+)
You are cold-blooded and may be slowed by cold attacks.
You possess an exceptional clarity of mind.
Your flesh is cold resistant. (rC+)


Message History

The yak is moderately wounded.
The yak misses you.
You hit the yak.
The yak is moderately wounded.
The yak gores you.
You hit the yak but do no damage.
The yak is moderately wounded.
The yak gores you!
You hit the yak.
The yak is moderately wounded.
You have got your breath back.
The yak barely misses you.
You hit the yak.
The yak is moderately wounded.
The yak barely misses you.
You hit the yak. You tail-slap the yak.
The yak is moderately wounded.
The yak gores you!
* * * LOW HITPOINT WARNING * * *
Throw: 6 darts (poison)
Press: ? - help, Q - select action, (/) - cycle Shift-Dir - straight line, f - yak
Aim: a yak (moderately wounded, haloed, 90% to hit)
You throw a poisoned dart. The poisoned dart hits the yak.
The yak is poisoned.
The yak is moderately wounded.
The yak gores you!
* * * LOW HITPOINT WARNING * * *
The yak attacks as you move away! The yak barely misses you.
An orc wizard appears from thin air!
Reactivating autopickup.
The yak attacks as you move away! The yak gores you!
* * * LOW HITPOINT WARNING * * *
The yak looks more healthy.
The yak attacks as you move away! The yak gores you!
* * * LOW HITPOINT WARNING * * *
You hit the yak but do no damage.
The yak is heavily wounded.
The yak closely misses you.
Okay, then.
You feel better. The yak gores you!
You die...

######..#.#.#.#.#
.........#.#.#.# #
########.#.###.#
....<.....# #.# o
########### #.# ..
#.# #. #.#
##oo#############.#
....)(...oYooYYY@.#
.(..###############
... ##


You could see 4 yaks, an orc wizard and 2 orcs.

Vanquished Creatures
  A yak (D:7)
  A water moccasin (D:7)
  An ice beast (D:6)
  An orc warrior (D:7)
  4 sky beasts
  A black bear (D:4)
  2 centaurs (D:6)
  2 ogres
  2 phantoms
  A gnoll sergeant (D:6)
  2 scorpions
  A howler monkey (D:6)
  6 hounds
  An orc priest (D:7)
  A jelly (D:5)
  A gnoll bouda (D:7)
  3 orc wizards
  2 iguanas (D:5)
  A sleepcap (D:5)
  3 mummies (Ossuary)
  9 gnolls
  6 adders
  An ufetubus (D:5)
  3 adder zombies (Ossuary)
  2 dart slugs
  4 worms
  13 orcs
  10 endoplasms
  4 giant cockroaches
  2 gnoll zombies (Ossuary)
  6 goblins
  8 hobgoblins
  2 jackals (D:2)
  3 quokkas
  5 ball pythons
  9 bats
  2 frilled lizards
  4 goblin zombies (Ossuary)
  3 hobgoblin zombies (Ossuary)
  5 kobolds
  A kobold zombie (Ossuary)
  6 rats
  5 rat zombies (Ossuary)
150 creatures vanquished.

Notes
Turn   | Place    | Note
-------+----------+-------------------------------------------
     0 | D:1      | booth the Draconian Monk began the quest for the Orb.
     0 | D:1      | Reached XP level 1. HP: 19/19 MP: 1/1
   154 | D:1      | Reached XP level 2. HP: 26/26 MP: 2/2
   918 | D:2      | Reached XP level 3. HP: 32/33 MP: 3/3
   986 | D:2      | You fall into a shaft and drop 1 floor!
  1083 | D:2      | Found Ughoir's Weapon Shoppe.
  1158 | D:2      | Found Wysmiclotin's Book Boutique.
  1161 | D:2      | Found Mucyghad's Distillery.
  1182 | D:2      | Found Oriosigh's Assorted Antiques.
  1236 | D:2      | Identified the +2 spear of the Original Sin {flame, rN+
                  | Dex+3}
  1348 | D:2      | Found Idejosea's Distillery.
  1403 | D:2      | Identified the +5 spear "Afruocam" {pain, Str+4}
  1711 | D:3      | Found a faded altar of an unknown god.
  1757 | D:3      | Reached XP level 4. HP: 40/40 MP: 4/4
  1785 | D:3      | Found Tucrauf's Vocational Training.
  2474 | D:3      | Gained mutation: Your flesh is cold resistant. (rC+)
                  | [potion of mutation]
  2474 | D:3      | Gained mutation: You possess an exceptional clarity of
                  | mind. [potion of mutation]
  2539 | D:4      | Noticed a black bear
  2549 | D:4      | Killed a black bear
  2550 | D:4      | Reached skill level 4 in Axes
  2550 | D:4      | Reached XP level 5. HP: 34/47 MP: 5/5
  2800 | D:4      | Found a sand-covered staircase.
  2809 | Ossuary  | Entered an ossuary
  2825 | Ossuary  | Reached XP level 6. HP: 29/55 MP: 6/6
  2924 | Ossuary  | Reached skill level 5 in Fighting
  3558 | D:2      | Bought a jewelled war axe for 195 gold pieces
  3558 | D:2      | Identified the +1 war axe of Ituxoimn {heavy, Stlth+} (You
                  | bought it in a shop on level 2 of the Dungeon)
  3660 | D:5      | Entered Level 5 of the Dungeon
  3708 | D:5      | Reached skill level 1 in Throwing
  3713 | D:5      | Reached skill level 5 in Axes
  4202 | D:5      | Your scales start taking on a fiery red colour.
  4202 | D:5      | Reached XP level 7. HP: 55/61 MP: 7/7
  4202 | D:5      | Gained mutation: Your flesh is heat resistant. (rF+) [Red
                  | Draconian growth]
  4614 | D:5      | Reached skill level 1 in Translocations
  4614 | D:5      | Reached skill level 1 in Fire Magic
  4702 | D:5      | Found an opulent altar of Gozag.
  4702 | D:5      | Found a hazy altar of Hepliaklqana.
  4765 | D:5      | Found a shimmering altar of Xom.
  4768 | D:5      | Found a faded altar of an unknown god.
  4770 | D:5      | Found a bloodstained altar of Trog.
  4792 | D:5      | Prayed at the altar of an unknown god.
  4792 | D:5      | Became a worshipper of Sif Muna the Loreminder
  4792 | D:5      | Reached * piety under Sif Muna
  4792 | D:5      | Reached ** piety under Sif Muna
  5131 | D:6      | Reached skill level 1 in Spellcasting
  5175 | D:6      | Reached skill level 6 in Axes
  5176 | D:6      | HP: 2/62 [gnoll sergeant/+0 spear (6)]
  5183 | D:6      | Reached *** piety under Sif Muna
  5184 | D:6      | Reached XP level 8. HP: 11/70 MP: 8/10
  5555 | D:6      | HP: 2/70 [centaur/+4 short sword (7)]
  5914 | D:6      | Reached skill level 5 in Dodging
  5931 | D:6      | Found a staircase to the Ecumenical Temple.
  5945 | Temple   | Entered the Ecumenical Temple
  6152 | Temple   | Fell from the grace of Sif Muna
  6152 | Temple   | Became a worshipper of the Shining One
  6285 | D:6      | Found Rokli's Antique Weapon Boutique.
  7160 | D:7      | Reached skill level 7 in Axes
  7452 | D:7      | Reached XP level 9. HP: 71/78 MP: 12/12
  7919 | D:7      | HP: 1/78 [yak (8)]
  7921 | D:7      | Slain by a yak

Illustrated notes

Levels and vault maps discovered:
D:1:      dpeg_arrival_long_road, layout_loops_ring
D:2:      layout_loops_ring, serial_shops, shop, nicolae_shop_hallway_plus,
          nicolae_book_shop_shelving, nicolae_shop_competitors_out_of_business,
          shop
D:3:      wad_lake_hut, layout_basic, shapermc_ecumenical_altar_mp_highgroup,
          nicolae_shop_vocational
D:4:      layout_loops_ring, lightli_ossuary_entry_decrepit_ruins
D:5:      layout_layer_cave, chequers_temple_overflow_minitemple
D:6:      layout_basic, minmay_temple_entry_poolview, serial_shops, shop
D:7:      layout_basic
Temple:   bh_familiar_temple

Skill      XL: |  1  2  3  4  5  6  7  8 |
---------------+-------------------------+-----
Dodging        | 3 4 5 |  5.4
Fighting       | 4 5 6 |  6.6
Axes           | 4 5 6 7 |  7.3
Throwing       | 1 2 3 |  3.4
Translocations | 2 4 |  4.3
Fire Magic     | 2 3 |  3.9
Spellcasting   | 1 2 |  2.8

Action                     |  1- 3 |  4- 6 |  7- 9 || total
---------------------------+-------+-------+-------++-------
  Melee: Hand axe          |   125 |   186 |   278 ||   589
         Tailslap          |    19 |    36 |    43 ||    98
  Throw: Dart              |       |       |     1 ||     1
Ability: Breathe Fire      |       |       |     2 ||     2
    Use: Scroll            |     5 |    10 |    12 ||    27
         Potion            |     1 |     2 |     9 ||    12
 Armour: Skin              |    25 |    62 |   109 ||   196
  Dodge: Dodged            |    92 |   111 |   140 ||   343
  Block: Buckler           |       |    15 |    54 ||    69
